 Dungeon Crawl Stone Soup version 0.31-a0-1589-g8f5e8aebd6 (webtiles) character file.

Game seed: 7172682288897369877

98 Dordric the Changeling (level 4, 0/35 HPs)
             Began as a Draconian Shapeshifter on Jan 5, 2024.
             Splashed by a jelly's acid (10 damage)
             ... on level 4 of the Dungeon.
             The game lasted 00:03:18 (2783 turns).

Dordric the Changeling (Draconian Shapeshifter)     Turns: 2783, Time: 00:03:19

Health: 0/35       AC: -3    Str: 18    XL:     4   Next: 43%
Magic:  4/4        EV: 12    Int: 10    God:
Gold:   139        SH:  0    Dex: 17    Spells: 3/3 levels left

rFire   . . .        s - +2 short sword (speed)
rCold   . . .        (no shield)
rNeg    . . .        (body armour unavailable)
rPois   .            (helmet currently unavailable)
rElec   .            (cloak currently unavailable)
rCorr   .            (gloves currently unavailable)
SInv    .            (boots currently unavailable)
Will    .....        i - amulet of the acrobat
Stlth   ++           k - +6 ring of dexterity
HPRegen 0.25/turn    (no ring)
MPRegen 0.09/turn

%: acrobat
@: beast-form, corroded
A: beast (slay +2), AC +5, unfitting armour, cold-blooded
a: Begin Untransformation


You were on level 4 of the Dungeon.
You were a hulking beast.
You visited 2 branches of the dungeon, and saw 5 of its levels.

You collected 139 gold pieces.

Inventory:

Hand Weapons
 e - a +1 dagger of speed
 s - a +2 short sword of speed (weapon)
Jewellery
 i - an amulet of the acrobat (around neck)
 k - a +6 ring of dexterity (left hand)
 l - an amulet of faith
Talismans
 b - a beast talisman
 c - a flux talisman
Scrolls
 d - 3 scrolls of enchant weapon {unknown}
 f - 2 scrolls of blinking {unknown}
 g - a scroll of silence {unknown}
 j - 2 scrolls of amnesia {unknown}
 o - a scroll of fog {unknown}
 p - a scroll of teleportation {unknown}
Potions
 a - a potion of lignification
 h - a potion of brilliance {unknown}
 m - a potion of curing {unknown}
 n - a potion of resistance {unknown}
 q - a potion of haste {unknown}
 r - a potion of cancellation {unknown}


   Skills:
 - Level 1.1 Fighting
 - Level 1.7 Dodging
 - Level 3.0 Unarmed Combat
 + Level 5.0 Shapeshifting


You had 3 spell levels left.
You didn't know any spells.
Your spell library was empty.

Dungeon Overview and Level Annotations

Branches:
Dungeon (4/15)             Temple (1/1) D:4

Altars:
Ashenzari
Dithmenos
Elyvilon
Fedhas
Gozag
Hepliaklqana
Kikubaaqudgha
Okawaru
Sif Muna
Trog
Uskayaw
Vehumet
Wu Jian
Xom
Zin

Shops:
D:1 ?   D:2 [[?


Innate Abilities, Weirdness & Mutations

You are a hulking beast.
Your limbs bulge with bestial killing power. (Slay +2)
Your plain brown scales are hard. (AC +5)
You cannot fit into any form of body armour.
You are cold-blooded and may be slowed by cold attacks.


Message History

A jackal is nearby!
A jackal is nearby!
A jackal is nearby!
The helpless jackal fails to defend itself.
You puncture the jackal!
You kill the jackal!
No target in view!
No target in view!
Found an iron altar of Okawaru.
A jelly comes into view.
The jelly quivers.
A jelly is nearby!
A jelly is nearby!
The jelly hits you but does no damage.
You hit the jelly.
Your hands burn!
The jelly is lightly wounded.
The jelly hits you but does no damage.
You hit the jelly.
Your hands burn!
The jelly is moderately wounded.
You hit the jelly. The acid corrodes you!
Your hands burn!
The jelly is heavily wounded.
The jelly misses you.
You barely miss the jelly.
The jelly is heavily wounded.
The jelly hits you.
You are splashed with acid!
You hit the jelly.
Your hands burn!
The jelly is severely wounded.
You are too injured to fight recklessly!
You are too injured to fight recklessly!
You are too injured to fight recklessly!
You are too injured to fight recklessly!
A jelly is nearby!
A jelly is nearby!
A jelly is nearby!
You hit the jelly.
Your hands burn!
The jelly is almost dead.
The jelly hits you.
* * * LOW HITPOINT WARNING * * *
The acid corrodes you!
You are splashed with acid!
You die...

#......8.>.8..#.#.
#...........#.#...
#......#.8.#..####
#.................
#..........#..####
#.............#..
##.............#.#
#########.J....###.#.#.#.#
##...#...##h....# #...#.#.#
##..#..#..##.....# ##....#.##
#_.#..#.†#.......###...#.#...
###..#..#..#.....##......#.##
#...#...##..>..##.).##.#.#.
#########..........###.#.#.
#.####....###.#.#. ..#
##.#....)#...
.###..........####


You could see a jelly.

Vanquished Creatures
  4 adders
  A dart slug (D:1)
  2 ribbon worms
  4 bats
  6 endoplasms
  4 giant cockroaches
  2 goblins
  6 hobgoblins
  4 jackals
  3 quokkas
  4 ball pythons
  5 frilled lizards
  5 kobolds
  2 rats (D:1)
52 creatures vanquished.

Notes
Turn   | Place    | Note
-------+----------+-------------------------------------------
     0 | D:1      | Dordric the Draconian Shapeshifter began the quest for the
                  | Orb.
     0 | D:1      | Reached XP level 1. HP: 16/16 MP: 1/1
    96 | D:1      | Found Gextajie's Magic Scroll Boutique.
   167 | D:1      | Reached XP level 2. HP: 23/23 MP: 2/2
   629 | D:2      | Found Atouvvu's Antique Armour Boutique.
   665 | D:2      | Reached skill level 4 in Shapeshifting
   697 | D:2      | Reached XP level 3. HP: 19/28 MP: 3/3
  1021 | D:2      | Found Jytzeneh's Magic Scroll Emporium.
  1180 | D:2      | Found Okhyikk's Armour Emporium.
  1803 | D:3      | Found an ornate altar of the Wu Jian Council.
  1858 | D:3      | Reached XP level 4. HP: 33/35 MP: 4/4
  2459 | D:4      | Reached skill level 5 in Shapeshifting
  2460 | D:4      | Found a staircase to the Ecumenical Temple.
  2682 | Temple   | Entered the Ecumenical Temple
  2763 | D:4      | Found an iron altar of Okawaru.
  2783 | D:4      | Splashed by a jelly's acid

Illustrated notes

Levels and vault maps discovered:
D:1:      roderic_dead_forest, layout_basic, serial_shops, shop,
          item_on_display_a
D:2:      layout_loops_cross, serial_shops, nicolae_shop_hallway_stairs,
          nicolae_shop_window_shopping, nicolae_shop_just_a_little_nook
D:3:      layout_basic, lemuel_tele_altar
D:4:      layout_rooms, marbit_many_paths, minmay_temple_entry_statues_pillars,
          kennysheep_cross_bottleneck, roderic_lattice_a
Temple:   cyrus_circular_temple

Skill      XL: |  1  2  3  4 |
---------------+-------------+-----
Shapeshifting  | 4 5 |  5.0
Fighting       | |  1.1
Dodging        | |  1.7
Unarmed Combat | |  3.0

Action                     |  1- 3 |  4- 6 || total
---------------------------+-------+-------++-------
  Melee: Unarmed           |    12 |       ||    12
         Tailslap          |    14 |     5 ||    19
         Punch             |     4 |       ||     4
         Dagger            |    86 |    32 ||   118
         Short sword       |       |    10 ||    10
   Stab: Sleeping          |     1 |     3 ||     4
 Armour: Skin              |    31 |    16 ||    47
  Dodge: Dodged            |    48 |    21 ||    69

Table legend: (Time is in decaauts)
 A = Elapsed time spent in this place.
 B = Non-inter-level travel time spent in this place.
 C = Inter-level travel time spent in this place.
 D = Time resting spent in this place.
 E = Time spent auto-exploring this place.
 F = Levels seen in this place.
 G = Mean time per level.
                   A        B        C        D        E       F      G
               +--------+--------+--------+--------+--------+-----+--------+
         Total |   2745 |   2542 |    203 |      0 |   2172 |   5 |  549.0 |
       Dungeon |   2701 |   2508 |    193 |      0 |   2172 |   4 |  675.2 |
        Temple |     44 |     35 |      9 |      0 |      0 |   1 |   44.0 |
               +--------+--------+--------+--------+--------+-----+--------+

Top non-repeatable levels by time:
     D:3: 1203 daAuts
     D:2: 685 daAuts
     D:1: 587 daAuts
     D:4: 224 daAuts
  Temple: 44 daAuts
